 Dungeon Crawl Stone Soup version 0.28-a0-620-g539b0f7ac7 (webtiles) character file.

Game seed: 15693246957440712642

490 Armakuni the Conjurer (level 7, -3/46 HPs)
             Began as a Human Conjurer on Oct 6, 2021.
             Was an Initiate of Gozag.
             Slain by a kobold brigand (5 damage)
             ... on level 4 of the Dungeon.
             The game lasted 00:11:32 (4532 turns).

Armakuni the Conjurer (Human Conjurer)              Turns: 4532, Time: 00:11:32

Health: -3/46      AC:  2    Str:  9    XL:     7   Next: 37%
Magic:  2/14       EV: 12    Int: 19    God:    Gozag
Gold:   297        SH:  0    Dex: 11    Spells: 12/15 levels left

rFire   . . .      SeeInvis +   a - +1 short sword (vorpal)
rCold   . . .      Faith    .   (no shield)
rNeg    . . .      Spirit   .   d - +0 robe
rPois   .          Reflect  .   (no helmet)
rElec   .          Harm     .   (no cloak)
rCorr   .          Rampage  .   (no gloves)
Will    .....                   (no boots)
Stlth   ++........              (no amulet)
HPRegen 0.15/turn               I - ring of see invisible
MPRegen 0.14/turn               (no ring)

@: no status effects
A: no striking features
a: Renounce Religion, Potion Petition, Call Merchant, Bribe Branch


You were on level 4 of the Dungeon.
You worshipped Gozag.
Gozag was aware of your devotion.
You visited 2 branches of the dungeon, and saw 5 of its levels.

You collected 860 gold pieces.
You paid 563 gold pieces to Gozag.

Inventory:

Hand Weapons
 a - a +1 vorpal short sword (weapon)
Armour
 d - a +0 robe (worn)
 f - a +0 scale mail
 h - a +0 ring mail
Jewellery
 m - a +4 ring of protection
 I - a ring of see invisible (left hand)
Scrolls
 c - a scroll of amnesia {unknown}
Potions
 g - a potion of cancellation
 p - a potion of magic


   Skills:
 - Level 2.0 Dodging
 - Level 2.0 Stealth
 + Level 4.7 Spellcasting
 - Level 6.8 Conjurations


You had 12 spell levels left.
You knew the following spells:

 Your Spells              Type           Power      Damage    Failure   Level
a - Magic Dart            Conj           100%       1d8       1%          1
z - Searing Ray           Conj           60%        2d6       1%          2

Your spell library contained the following spells:

 Spells                   Type           Power      Damage    Failure   Level
 Dazzling Flash           Conj/Hex       34%        N/A       10%         3
 Mephitic Cloud           Conj/Pois/Air  13%        N/A       16%         3
 Call Imp                 Summ           4%         N/A       19%         2
 Fulminant Prism          Conj/Hex       8%         3d7       30%         4
 Iskenderun's Mystic Bla  Conj/Tloc      17%        2d5       30%         4


Dungeon Overview and Level Annotations

Branches:
Dungeon (4/15)             Temple (1/1) D:4

Altars:
Ashenzari
Cheibriados
Dithmenos
Fedhas
Gozag
Hepliaklqana
Kikubaaqudgha
Nemelex Xobeh
Okawaru
Qazlal
Ru
Sif Muna
Trog
Uskayaw
Wu Jian
Xom
Yredelemnul
Zin

Shops:
D:4 =

Annotations:
D:4 2 runed translucent doors, NigelTetley's ghost, amateur MiFi; zero's ghost, amateur GrCj


Message History

The kobold brigand is lightly wounded.
The kobold brigand hits you with a +0 short sword!
The searing ray hits the kobold brigand.
The kobold brigand is moderately wounded.
The kobold brigand hits you with a +0 short sword.
The searing ray hits the kobold brigand.
The kobold brigand is heavily wounded.
You finish channelling your searing ray.
The kobold brigand hits you with a +0 short sword.
Aiming: Searing Ray (safe; 1% risk of failure)
Press: ? - help, Q - select action, (/) - cycle Shift-Dir - straight line, f/p - kobold brigand
Aim: a kobold brigand, wielding a +0 short sword, wearing a +0 chain mail and quivering poisoned darts (heavily wounded, 79% to hit)
The searing ray hits the kobold brigand but does no damage.
The kobold brigand is heavily wounded. (Press . to maintain the ray.)
The kobold brigand barely misses you.
The searing ray hits the kobold brigand.
The kobold brigand is severely wounded.
The kobold brigand barely misses you.
The searing ray misses the kobold brigand.
The kobold brigand barely misses you.
The searing ray hits the kobold brigand.
The kobold brigand is almost dead.
You finish channelling your searing ray.
The kobold brigand hits you with a +0 short sword!
* * * LOW HITPOINT WARNING * * *
Aiming: Searing Ray (safe; 1% risk of failure)
Press: ? - help, Q - select action, (/) - cycle Shift-Dir - straight line, f/p - kobold brigand
Aim: a kobold brigand, wielding a +0 short sword, wearing a +0 chain mail and quivering poisoned darts (almost dead, 79% to hit)
The searing ray hits the kobold brigand.
The kobold brigand is almost dead. (Press . to maintain the ray.)
The kobold brigand hits you with a +0 short sword!
* * * LOW HITPOINT WARNING * * *
Okay, then.
The searing ray hits the kobold brigand.
The kobold brigand is almost dead.
The kobold brigand hits you with a +0 short sword.
You die...
Your body crumbles into a pile of gold.

*,**,*,*,* *,* **,*,*#...###
*,**,*,*,***,* *,,,,*#..$..#
*,,,,,,,,,,,,* *,,****,,*#.#
***#.#g#.#**** *,,* *,,*#..
#.#.#.# *,,* *,,,##.
##.#.#K# *,,****.#.##.
#....#.# *,,,,,...(...
###....#.#######.#***##..###
#........#.@!....# #.,*
#........#K####### **,**
#......(.#.# *,,*
######...##...# *,,*
#......∩.##...# *,,*
#.####.####...# *,,**
#.#####.###.#.# *,,,,
#...........#.#********
**,**
#...........#..,,,,,,,* *,*


You could see a kobold brigand.

Vanquished Creatures
  Sigmund (D:2)
  A necrophage (D:4)
  A hound (D:4)
  An orc priest (D:4)
  3 iguanas (D:4)
  3 adders
  4 worms (D:2)
  2 dart slugs
  2 orcs (D:4)
  5 bats
  11 endoplasms
  A giant cockroach (D:2)
  3 goblins
  6 hobgoblins
  7 kobolds
  A quokka (D:1)
  5 ball pythons
  7 frilled lizards
  5 rats
69 creatures vanquished.

Notes
Turn   | Place    | Note
-------+----------+-------------------------------------------
     0 | D:1      | Armakuni the Human Conjurer began the quest for the Orb.
     0 | D:1      | Reached XP level 1. HP: 13/13 MP: 3/3
   463 | D:1      | Found a faded altar of an unknown god.
   550 | D:1      | Reached XP level 2. HP: 19/19 MP: 3/5
   652 | D:1      | Learned a level 2 spell: Searing Ray
  1372 | D:2      | Reached XP level 3. HP: 24/24 MP: 3/6
  1565 | D:2      | Reached skill level 5 in Conjurations
  1796 | D:2      | Noticed Sigmund
  1804 | D:2      | Identified a scroll of acquirement
  1824 | D:2      | Killed Sigmund
  1825 | D:2      | Reached skill level 6 in Conjurations
  1825 | D:2      | Reached XP level 4. HP: 22/30 MP: 3/7
  1825 | D:2      | Reached XP level 5. HP: 25/35 MP: 3/8
  1825 | D:2      | Reached XP level 6. HP: 29/41 MP: 3/9
  3710 | D:4      | Acquired 701 gold pieces
  3814 | D:4      | Noticed a necrophage
  3822 | D:4      | Killed a necrophage
  3904 | D:4      | Reached XP level 7. HP: 37/46 MP: 5/12
  4193 | D:4      | Found a staircase to the Ecumenical Temple.
  4204 | Temple   | Entered the Ecumenical Temple
  4310 | Temple   | Became a worshipper of Gozag Ym Sagoz the Greedy
  4479 | D:4      | Noticed a vault guard
  4479 | D:4      | Noticed zero's ghost (amateur GrCj)
  4480 | D:4      | Found a large runed translucent door.
  4480 | D:4      | Noticed NigelTetley's ghost (amateur MiFi)
  4480 | D:4      | Noticed a vault warden
  4481 | D:4      | Found a large runed translucent door.
  4531 | D:4      | HP: 2/46 [kobold brigand (7)]
  4532 | D:4      | Slain by a kobold brigand

Illustrated notes

Levels and vault maps discovered:
D:1:      minmay_arrival_pointy, layout_loops_corners,
          chequers_ecumenical_altar_simple
D:2:      layout_loops_ring, uniq_sigmund
D:3:      layout_basic
D:4:      layout_loops_ring, gammafunk_temple_overflow_statue,
          minmay_temple_entry_slanted, serial_shops,
          nicolae_shop_temple_entry_statues_fountains,
          advil_vaults_ghost_guards, bh_walls_and_bars
Temple:   compressed_dpeg_circular_temple

Skill      XL: |  1  2  3  4  5  6  7 |
---------------+----------------------+-----
Conjurations   | 6 |  6.8
Spellcasting   | 3 4 |  4.7
Dodging        | |  2.0
Stealth        | |  2.0

Action                   |  1- 3 |  4- 6 |  7- 9 || total
-------------------------+-------+-------+-------++-------
Melee: Dagger            |     6 |       |       ||     6
       Unarmed           |    13 |       |       ||    13
       Short sword       |       |     2 |     6 ||     8
 Cast: Magic Dart        |    25 |       |       ||    25
       Searing Ray       |    15 |    29 |    10 ||    54
Invok: Call Merchant     |       |       |     1 ||     1
  Use: Potion            |     4 |       |     1 ||     5
       Scroll            |     1 |     1 |     9 ||    11
Armor: Robe              |     6 |     1 |     2 ||     9
       Skin              |    10 |       |       ||    10
Dodge: Dodged            |     8 |     8 |    11 ||    27

Table legend: (Time is in decaauts)
 A = Elapsed time spent in this place.
 B = Non-inter-level travel time spent in this place.
 C = Inter-level travel time spent in this place.
 D = Time resting spent in this place.
 E = Time spent auto-exploring this place.
 F = Levels seen in this place.
 G = Mean time per level.
                   A        B        C        D        E       F      G
               +--------+--------+--------+--------+--------+-----+--------+
         Total |   4529 |   4479 |     50 |   1232 |   2482 |   5 |  905.8 |
       Dungeon |   4413 |   4371 |     42 |   1232 |   2395 |   4 | 1103.2 |
        Temple |    115 |    107 |      8 |      0 |     87 |   1 |  115.0 |
               +--------+--------+--------+--------+--------+-----+--------+

Top non-repeatable levels by time:
     D:2: 1405 daAuts
     D:1: 1347 daAuts
     D:3: 944 daAuts
     D:4: 716 daAuts
  Temple: 115 daAuts
